 Dungeon Crawl Stone Soup version 0.21.1-1-g345015f (webtiles) character file.

12934 Merlin the Basher (level 11, -4/82 HPs)
             Began as a Demonspawn Chaos Knight on July 8, 2018.
             Slain by a four-headed hydra (7 damage)
             ... on level 1 of the Swamp.
             The game lasted 01:02:17 (9254 turns).

Merlin the Basher (Demonspawn Chaos Knight)         Turns: 9254, Time: 01:02:18

Health: -4/82      AC: 10    Str: 14    XL:     11   Next: 69%
Magic:  0/12       EV: 16    Int: 18    God:    Xom [..*...]
Gold:   768        SH:  0    Dex: 20    Spells: 7/10 levels left

rFire    + + .     SeeInvis .   a - +0 mace (chaos)
rCold    . . .     Gourm    .   (no shield)
rNeg     . . .     Faith    .   K - +3 leather armour {rF+}
rPois    .         Spirit   +   (helmet restricted)
rElec    .         Reflect  .   g - scarf {Spirit}
rCorr    .         Harm     .   s - +2 pair of gloves
MR       .....     Clarity  +   (no boots)
Stlth    ++++......             B - amulet of magic regeneration
HPRegen  0.23/turn              l - +4 ring of dexterity
MPRegen  0.38/turn              O - +2 ring of intelligence

@: no status effects
A: horns 2, rugged brown scales 2, blurry vision 1, clarity, clever 1, deformed
body, fire resistance 1, frail 1, screaming 1, spiny 3, strong 1
a: Renounce Religion


You were on level 1 of the Swamp.
You worshipped Xom.
You were a toy of Xom.
You were not hungry.

You visited 3 branches of the dungeon, and saw 13 of its levels.

You collected 768 gold pieces.

Inventory:

Hand Weapons
 a - a +0 mace of chaos (weapon)
 j - a +3 flail
 E - a +0 antimagic spear
 M - a +2 spear of flaming
 P - a +0 shortbow of velocity
Missiles
 r - 3 curare-tipped needles
 H - 59 poisoned needles
 Q - 154 arrows
 U - 4 tomahawks (quivered)
Armour
 g - a scarf of spirit shield (worn)
 s - a +2 pair of gloves (worn)
 I - a +0 ring mail
 K - a +3 leather armour of fire resistance (worn)
 W - a +1 robe of cold resistance
Magical Staves
 q - an uncursed staff of death
Jewellery
 b - an uncursed ring of ice
 l - a +4 ring of dexterity (left hand)
 w - an uncursed amulet of rage
 y - an uncursed amulet of faith
 B - an amulet of magic regeneration (around neck)
 O - a +2 ring of intelligence (right hand)
Wands
 m - a wand of flame (187)
 C - a wand of iceblast (4)
 D - a wand of polymorph (5)
 G - a wand of paralysis (11)
 T - a wand of random effects (33)
 V - a wand of disintegration (16)
 Z - a wand of digging (38)
Scrolls
 d - 4 scrolls of teleportation
 f - 2 scrolls of amnesia
 h - 3 scrolls of remove curse
 k - a scroll of blinking {unknown}
 n - a scroll of vulnerability {unknown}
 t - a scroll of enchant weapon {unknown}
 u - 2 scrolls of enchant armour
 x - a scroll of fear
 A - a scroll of identify
 F - a scroll of magic mapping {unknown}
Potions
 e - a potion of curing
 i - 2 potions of magic
 o - a potion of agility {unknown}
 p - a potion of berserk rage {unknown}
 v - 3 potions of haste
 z - a potion of lignification {unknown}
 J - a potion of brilliance {unknown}
 N - a potion of mutation
 R - 2 potions of flight {unknown}
 Y - a potion of invisibility {unknown}
Books
 X - a book of Cantrips

   Spells                             Type                      Level
   a - Confusing Touch                Hexes                        1
   b - Animate Skeleton               Necromancy                   1
   c - Summon Small Mammal            Summoning                    1
   d - Apportation                    Translocation                1
Comestibles
 c - 28 rations
 L - 2 chunks of flesh


   Skills:
 + Level 8.4 Fighting
 + Level 11.5 Maces & Flails
 + Level 5.2 Armour
 + Level 6.1 Dodging
 + Level 8.0 Stealth
 + Level 2.2 Evocations


You had 7 spell levels left.
You knew the following spells:

 Your Spells              Type           Power        Failure   Level  Hunger
a - Confusing Touch       Hex            #.....       26%         1    ##.....
b - Animate Skeleton      Necr           N/A          26%         1    ##.....
c - Summon Small Mammal   Summ           #...         26%         1    ##.....


Dungeon Overview and Level Annotations

Branches:
Dungeon (9/15)             Temple (0/1) D:5            Lair (3/6) D:9
  Swamp (1/4) Lair:3
  Snake: Lair:2-4    Spider: Lair:2-4       Orc: D:9-12

Altars:
Ashenzari
Cheibriados
Kikubaaqudgha
Nemelex Xobeh
Okawaru
Qazlal
Ru
Uskayaw
Wu Jian
Xom
Yredelemnul
Zin


Innate Abilities, Weirdness & Mutations

You have a pair of horns on your head.
You are mostly covered in rugged brown scales. (AC +2, +5% HP)
You are completely covered in sharp spines.
Scrolls take you a little longer to read.
You possess an exceptional clarity of mind.
Your mind is acute. (Int +2)
Armour fits poorly on your strangely shaped body.
Your flesh is heat resistant. (rF+)
You are frail. (-10% HP)
You occasionally shout uncontrollably at your foes.
Your muscles are strong. (Str +2)


Message History

The spiny frog is severely wounded.
The spiny frog barely misses you.
The four-headed hydra is struck by your spines.
The four-headed hydra bites you!
The four-headed hydra closely misses you.
The four-headed hydra bites you but does no damage.
The four-headed hydra bites you!
The spiny frog is struck by your spines.
The spiny frog stings you!!
* * * LOW HITPOINT WARNING * * *
You are lethally poisoned!
The spiny frog poisons you!
You feel better.
The spiny frog stings you but does no damage.
The four-headed hydra bites you!
* * * LOW HITPOINT WARNING * * *
The four-headed hydra bites you but does no damage.
The four-headed hydra bites you!
You die...
Xom cackles wildly!

♣♣.≈≈≈≈.♣ ♣..
.♣ ≈ ♣≈≈≈.≈≈♣
♣.♣♣♣ .. ♣.♣
♣♣.≈.≈≈≈♣ ♣..≈♣
≈♣
.≈≈≈♣≈≈≈.≈<.♣
♣♣.≈≈♣♣ ≈♣
♣♣...≈≈≈.≈..♣
♣.≈...♣♣≈♣♣.♣?.
♣≈≈≈≈≈≈≈.♣.♣♣
♣♣≈.≈.....≈≈..≈
.≈≈≈≈.≈.≈≈.♣
♣.≈≈≈≈≈≈≈≈≈.♣§
♣..≈♣.♣♣..≈♣
♣♣..≈≈§≈≈§.≈...
♣♣.... ♣♣..♣
♣@F.≈≈.≈.≈.≈≈≈.
♣♣.♣ ♣..♣
♣♣D.≈≈≈♣≈...≈.≈
♣. ♣♣..♣
♣≈≈≈≈.≈≈≈≈.≈.♣
♣ .≈≈♣
♣.≈...≈....≈≈♣
.%♣♣
♣.≈≈≈≈.≈§≈≈≈.♣
≈♣ ≈≈.≈≈≈..≈ ≈.
♣..♣≈.≈.≈
..≈≈.≈.


You could see a four-headed hydra and a spiny frog (berserk).

Vanquished Creatures
  The ghost of 2BAD the Basher, a journeyman DsFi of Okawaru (Lair:3)
  Fannar (Lair:3)
  A hydra (Lair:1)
  The ghost of TheNamelessOne the Destroyer, a novice DgCj (D:8)
  2 komodo dragons
  4 blink frogs (Lair:2)
  3 hippogriffs
  Sigmund (D:2)
  A wyvern (D:8)
  13 yaks
  2 hungry ghosts
  A golden eye (D:8)
  5 water moccasins
  An orc warrior (D:9)
  7 porcupines
  An ice beast (D:8)
  2 ogres
  A phantom (D:8)
  16 wolves
  6 centaurs
  3 crocodiles
  A gnoll sergeant (D:7)
  5 bullfrogs
  A water moccasin zombie (D:9)
  A scorpion (D:5)
  4 wights (D:8)
  5 howler monkeys
  2 centaur zombies
  3 crimson imps
  A quasit (D:9)
  3 orc priests
  2 hounds
  5 bullfrog skeletons
  A gnoll shaman (D:6)
  6 jellies
  3 orc wizards
  6 iguanas
  Jessica (D:2)
  Ijyb (D:4)
  5 worker ants
  A hound zombie (D:9)
  Robin (D:2)
  11 gnolls
  A river rat (shapeshifter) (D:4)
  8 adders
  A shadow imp (D:6)
  An ooze (D:4)
  An adder skeleton (D:5)
  A worm (D:4)
  8 dart slugs
  7 leopard geckos
  15 orcs
  2 ball pythons (D:3)
  2 giant cockroaches
  12 goblins
  9 hobgoblins
  6 jackals
  3 quokkas
  7 bats
  2 frilled lizards
  2 kobolds (D:2)
  2 leopard gecko zombies
  A quokka zombie (D:5)
  6 rats
239 creatures vanquished.

Vanquished Creatures (collateral kills)
  A dart slug (D:5)
  A frilled lizard (D:3)
2 creatures vanquished.

Vanquished Creatures (others)
  A shadow imp (D:6)
  An orc (D:6)
  2 jackals (D:6)
  4 fungi
  A plant (Lair:3)
  11 toadstools (D:4)
20 creatures vanquished.

Grand Total: 261 creatures vanquished

Notes
Turn   | Place    | Note
-------+----------+-------------------------------------------
     0 | D:1      | Merlin the Demonspawn Chaos Knight began the quest for the Orb.
     0 | D:1      | Reached XP level 1. HP: 18/18 MP: 1/1
   436 | D:1      | Gained mutation: You are partially covered in rugged brown scales. (AC +1, +3% HP) [demonic ancestry]
   436 | D:1      | Reached XP level 2. HP: 16/24 MP: 2/2
   524 | D:2      | Noticed Jessica
   532 | D:2      | Killed Jessica
   532 | D:2      | Reached skill level 3 in Maces & Flails
   532 | D:2      | Gained mutation: You are partially covered in sharp spines. [demonic ancestry]
   532 | D:2      | Reached XP level 3. HP: 14/30 MP: 3/3
   855 | D:2      | XOM: harmless Summ miscast
   927 | D:2      | XOM: silly message
   934 | D:2      | Noticed Robin
   941 | D:2      | Gained mutation: You are mostly covered in sharp spines. [demonic ancestry]
   941 | D:2      | Reached XP level 4. HP: 38/38 MP: 4/4
   955 | D:2      | Killed Robin
   955 | D:2      | Reached skill level 1 in Dodging
   975 | D:2      | Noticed Sigmund
   985 | D:2      | XOM: potion effect (heal wounds)
   986 | D:2      | XOM: potion effect (invisibility)
   990 | D:2      | Killed Sigmund
   990 | D:2      | Reached skill level 4 in Maces & Flails
   990 | D:2      | Gained mutation: You have a pair of small horns on your head. [demonic ancestry]
   990 | D:2      | Reached XP level 5. HP: 29/44 MP: 1/5
  1007 | D:2      | XOM: harmless Air miscast
  1199 | D:3      | Gained mutation: You have a pair of horns on your head. [demonic ancestry]
  1199 | D:3      | Reached XP level 6. HP: 49/50 MP: 6/6
  1201 | D:3      | Reached skill level 5 in Maces & Flails
  1284 | D:3      | XOM: harmless Erth miscast
  1379 | D:3      | Noticed an enchanted dagger
  1380 | D:3      | Noticed a dagger
  1382 | D:3      | Found a hide-covered altar of Uskayaw.
  1527 | D:3      | XOM: divination: detect creatures
  1618 | D:4      | Noticed Ijyb
  1632 | D:4      | XOM: cast spell 'Summon Butterflies'
  1634 | D:4      | Killed Ijyb
  1653 | D:4      | XOM: harmless Erth miscast
  1729 | D:4      | XOM: potion effect (curing)
  1732 | D:4      | XOM: cast spell 'Ring of Flames'
  1791 | D:4      | Reached skill level 1 in Stealth
  1929 | D:4      | Reached XP level 7. HP: 29/56 MP: 4/7
  2161 | D:4      | XOM: harmless Ice miscast
  2303 | D:4      | XOM: scenery: create altars
  2336 | D:5      | Entered Level 5 of the Dungeon
  2339 | D:5      | Found a sparkling altar of Nemelex Xobeh.
  2351 | D:5      | Found a glowing silver altar of Zin.
  2352 | D:5      | Found a snail-covered altar of Cheibriados.
  2355 | D:5      | Found a shattered altar of Ashenzari.
  2355 | D:5      | Found a sacrificial altar of Ru.
  2399 | D:5      | Reached skill level 6 in Maces & Flails
  2456 | D:5      | Reached skill level 5 in Fighting
  2468 | D:5      | Found a staircase to the Ecumenical Temple.
  2527 | D:5      | Found an ancient bone altar of Kikubaaqudgha.
  2538 | D:5      | XOM: 6-stop teleportation journey
  2664 | D:5      | XOM: summons friendly iron imp
  2683 | D:4      | XOM: give mutations
  2683 | D:4      | Gained mutation: You are weak. (Str -2) [Xom's mischief]
  2683 | D:4      | Gained mutation: You passively map a small area around you. [Xom's mischief]
  2683 | D:4      | Gained mutation: You are frail. (-10% HP) [Xom's mischief]
  2683 | D:4      | Gained mutation: You are dopey. (Int -2) [Xom's mischief]
  2733 | D:4      | XOM: give mutations
  2733 | D:4      | Lost mutation: You are weak. (Str -2) [Xom's grace]
  2733 | D:4      | Gained mutation: Your flesh is heat resistant. (rF+) [Xom's grace]
  2733 | D:4      | Gained mutation: You can translocate small distances at will. [Xom's grace]
  2739 | D:4      | XOM: scenery: create altars
  2915 | D:5      | HP: 2/52 [orc priest/divine providence (10)]
  3176 | D:5      | XOM: summons friendly iron imp
  3179 | D:5      | Reached XP level 8. HP: 57/57 MP: 8/8
  3311 | D:5      | XOM: scenery: create altars
  3405 | D:6      | Found a shimmering altar of Xom.
  3451 | D:6      | You fall through a shaft for 2 floors!
  3463 | D:8      | Reached skill level 7 in Maces & Flails
  3523 | D:8      | XOM: give mutation
  3523 | D:8      | Gained mutation: Your spells are a little harder to cast, but a little more powerful. [Xom's grace]
  3549 | D:8      | XOM: god gift: 7 rations
  3668 | D:8      | Found a basalt altar of Yredelemnul.
  3675 | D:8      | Found a stormy altar of Qazlal.
  3728 | D:8      | XOM: harmless Erth miscast
  3761 | D:8      | XOM: enchant monster (good)
  3808 | D:8      | Found an ornate altar of the Wu Jian Council.
  3831 | D:8      | Reached skill level 8 in Maces & Flails
  3845 | D:8      | Gained mutation: You are completely covered in sharp spines. [demonic ancestry]
  3845 | D:8      | Reached XP level 9. HP: 56/64 MP: 9/9
  3845 | D:8      | XOM: noise
  3856 | D:8      | Noticed TheNamelessOne's ghost (novice DgCj)
  3859 | D:8      | XOM: divination: detect items
  3865 | D:7      | XOM: divination: detect creatures
  3878 | D:7      | XOM: divination: detect creatures
  4049 | D:7      | XOM: mild Chrm miscast
  4071 | D:7      | XOM: confuse monster(s)
  4075 | D:7      | XOM: summons friendly ufetubus
  4080 | D:7      | XOM: potion effect (heal wounds)
  4082 | D:7      | XOM: harmless Necr miscast
  4099 | D:7      | XOM: confuse monster(s)
  4210 | D:6      | Found an iron altar of Okawaru.
  4280 | D:6      | XOM: 1-stop teleportation journey
  4311 | D:6      | XOM: medium Erth miscast
  4384 | D:6      | XOM: chaos cloud
  4553 | D:7      | XOM: scenery: create altars
  4681 | D:7      | Reached skill level 9 in Maces & Flails
  4731 | D:7      | XOM: draining
  5086 | D:8      | Killed TheNamelessOne's ghost
  5293 | D:8      | XOM: divination: detect creatures
  5344 | D:8      | Reached XP level 10. HP: 71/71 MP: 10/10
  5444 | D:8      | XOM: harmless Conj miscast
  5491 | D:8      | Reached skill level 5 in Stealth
  5546 | D:8      | XOM: silly message
  5644 | D:9      | Reached skill level 5 in Dodging
  5660 | D:9      | XOM: enchant monster (bad)
  5957 | D:9      | XOM: harmless Hex miscast
  5969 | D:9      | Found a staircase to the Lair.
  5986 | Lair:1   | Entered Level 1 of the Lair of Beasts
  6016 | Lair:1   | Reached skill level 10 in Maces & Flails
  6119 | Lair:1   | XOM: god gift: scroll of enchant armour
  6260 | Lair:1   | Noticed a four-headed hydra
  6270 | Lair:1   | Killed a four-headed hydra
  6286 | Lair:1   | XOM: noise
  6288 | Lair:1   | Reached skill level 1 in Evocations
  6388 | Lair:1   | XOM: harmless Tloc miscast
  6915 | Lair:2   | XOM: confuse monster(s)
  6929 | Lair:2   | XOM: divination: detect items
  6932 | Lair:2   | Gained mutation: You are mostly covered in rugged brown scales. (AC +2, +5% HP) [demonic ancestry]
  6932 | Lair:2   | Reached XP level 11. HP: 22/81 MP: 9/12
  7001 | Lair:2   | XOM: god gift: 35 gold pieces
  7301 | Lair:2   | Reached skill level 11 in Maces & Flails
  7375 | Lair:2   | Learned a level 1 spell: Confusing Touch
  7377 | Lair:2   | Learned a level 1 spell: Animate Skeleton
  7379 | Lair:2   | Learned a level 1 spell: Summon Small Mammal
  7464 | Lair:2   | XOM: enchant monster (bad)
  7541 | Lair:2   | XOM: give mutations
  7541 | Lair:2   | Gained mutation: Armour fits poorly on your strangely shaped body. [Xom's mischief]
  7541 | Lair:2   | Gained mutation: You occasionally shout uncontrollably at your foes. [Xom's mischief]
  7664 | Lair:2   | Lost mutation: You are dopey. (Int -2) [potion of mutation]
  7664 | Lair:2   | Lost mutation: You can translocate small distances at will. [potion of mutation]
  7664 | Lair:2   | Gained mutation: You have a pair of large horns on your head. [potion of mutation]
  7664 | Lair:2   | Gained mutation: You possess an exceptional clarity of mind. [potion of mutation]
  7684 | Lair:2   | XOM: enchant monster (bad)
  7808 | Lair:2   | Lost mutation: Your spells are a little harder to cast, but a little more powerful. [potion of mutation]
  7808 | Lair:2   | Lost mutation: You have a pair of large horns on your head. [potion of mutation]
  7808 | Lair:2   | Lost mutation: You passively map a small area around you. [potion of mutation]
  7808 | Lair:2   | Gained mutation: Your mind is acute. (Int +2) [potion of mutation]
  7808 | Lair:2   | Gained mutation: Scrolls take you a little longer to read. [potion of mutation]
  7808 | Lair:2   | Gained mutation: Your muscles are strong. (Str +2) [potion of mutation]
  7874 | Lair:3   | Noticed 2BAD's ghost (journeyman DsFi)
  7875 | Lair:3   | XOM: mild Necr miscast
  7877 | Lair:3   | XOM: fog
  7889 | Lair:3   | XOM: enchant monster (bad)
  7949 | Lair:3   | Reached skill level 5 in Armour
  8275 | Lair:3   | Found a staircase to the Swamp.
  8300 | Lair:3   | XOM: chaos cloud
  8316 | Lair:3   | XOM: summons 5 hostile demons
  8341 | Lair:3   | Killed 2BAD's ghost
  8997 | Lair:3   | Found a glowing silver altar of Zin.
  8998 | Lair:3   | Noticed Fannar
  9010 | Lair:3   | XOM: cleaving
  9028 | Lair:3   | XOM: harmless Air miscast
  9029 | Lair:3   | Killed Fannar
  9235 | Swamp:1  | Entered Level 1 of the Swamp
  9244 | Swamp:1  | Noticed a four-headed hydra
  9253 | Swamp:1  | HP: 4/82 [spiny frog (24)]
  9254 | Swamp:1  | Slain by a four-headed hydra

Skill      XL: |  1  2  3  4  5  6  7  8  9 10 11 |
---------------+----------------------------------+-----
Maces & Flails | 3 4 5 6 8 9 10 11 | 11.5
Armour         | 2 3 4 5 |  5.2
Fighting       | 4 5 6 7 8 |  8.4
Dodging        | 1 2 3 4 5 6 |  6.1
Stealth        | 1 3 4 6 8 |  8.0
Evocations     | 1 2 |  2.2

Action                   |  1- 3 |  4- 6 |  7- 9 | 10-12 || total
-------------------------+-------+-------+-------+-------++-------
Melee: Mace              |    62 |   109 |   249 |   301 ||   721
       Headbutt          |       |    15 |    53 |    85 ||   153
 Cast: Confusing Touch   |       |       |       |     1 ||     1
Evoke: Wand              |       |       |     1 |    14 ||    15
  Use: Scroll            |     2 |     4 |     9 |     9 ||    24
       Potion            |       |     1 |     7 |    10 ||    18
 Stab: Paralysed         |       |     1 |     1 |    10 ||    12
       Sleeping          |       |     1 |     7 |     5 ||    13
       Confused          |       |       |     1 |     3 ||     4
       Petrified         |       |       |       |     6 ||     6
       Distracted        |       |       |       |     1 ||     1
  Eat: Chunk             |       |     3 |     2 |       ||     5
       Ration            |       |       |     4 |     3 ||     7
Armor: Leather armour    |    32 |    38 |    73 |    56 ||   199
Dodge: Dodged            |    41 |    59 |   147 |   178 ||   425
